AoeStats
← Knights hospitaller

Arena

510294132Analyzed
1v1 RM · 24h ago on Sep 30, 2026· 42m 13s· 2 players
Game mode
Random Map
Map size
Tiny (2 player)
Population
200
Speed
Normal
Resources
Standard
Victory
Conquest
Starting age
Dark Age
Ending age
Imperial Age
RankedLock teamsTeams togetherTeam positionsShared explorationLock speedFull tech treeHidden civsTurbo modeCheats
Victory
Defeat
1121
+17
🇷🇸 Bohemians · Serbia
1133
-17
Knights hospitaller
10:48 Feudal Age
12:07 Double-Bit Axe
14:27 Castle Age
12:25 Loom
21:53 Bloodlines
30:40 Imperial Age
30:41 Wheelbarrow
30:54 Forging
30:51 Scale Barding Armor
33:02 Forging
33:47 Chain Barding Armor
33:34 Husbandry
34:38 Iron Casting
35:54 Cavalier
36:38 Fletching
38:01 Town Watch
41:12 Conscription
43:28 Plate Barding Armor
Mokindra
11:06 Feudal Age
10:16 Loom
12:21 Double-Bit Axe
15:25 Castle Age
28:58 Imperial Age
27:34 Horse Collar
27:37 Elite Skirmisher
30:48 Fletching
31:44 Murder Holes
32:12 Padded Archer Armor
34:33 Chemistry
39:04 Ballistics
40:15 Pikeman
Connection lost

Rejoining the realm…

Still unreachable

The connection could not be restored.

Session expired

The server has moved on; the page needs a fresh start.